 Dungeon Crawl Stone Soup version 0.24.0-10-g970556be89 (console) character file.

Game seed: 16688590772333008012, levelgen mode: deterministic

159 AlterAsc the Insei (level 5, -1/30 HPs)
             Began as a Tengu Transmuter on Nov 3, 2019.
             Was a Follower of Cheibriados.
             Hit by a boomerang thrown by an orc (3 damage)
             ... on level 3 of the Dungeon.
             The game lasted 00:06:32 (2319 turns).

AlterAsc the Insei (Tengu Transmuter)               Turns: 2319, Time: 00:06:33

Health: -1/30      AC:  2    Str: 13    XL:     5   Next: 40%
Magic:  6/10       EV: 16    Int: 15    God:    Cheibriados [*.....]
Gold:   121        SH:  0    Dex: 17    Spells: 8/9 levels left

rFire    . . .     SeeInvis .     - Unarmed
rCold    . . .     Gourm    .   (no shield)
rNeg     . . .     Faith    .   b - +0 robe
rPois    .         Spirit   .   (helmet restricted)
rElec    .         Reflect  .   (no cloak)
rCorr    .         Harm     .   (no gloves)
MR       .....                  (boots unavailable)
Stlth    ++........             (no amulet)
HPRegen  0.10/turn              (no ring)
MPRegen  0.12/turn              (no ring)

@: flying quickly and evasively, very slow
A: beak, talons 3, able to fly
a: Stop Flying, Bend Time, Renounce Religion


You were on level 3 of the Dungeon.
You worshipped Cheibriados.
Cheibriados was aware of your devotion.
You were not hungry.

You visited 1 branch of the dungeon, and saw 3 of its levels.

You collected 121 gold pieces.

Inventory:

Missiles
 a - 37 arrows
Armour
 b - a +0 robe (worn)
 s - a +0 plate armour
Jewellery
 k - an uncursed ring of magical power
Scrolls
 e - 3 scrolls of enchant armour {unknown}
 f - a scroll of enchant weapon {unknown}
 g - 4 scrolls of blinking {unknown}
 h - a scroll of fear {unknown}
 j - 2 scrolls of identify {unknown}
 l - 2 scrolls of teleportation {unknown}
 q - a scroll of remove curse {unknown}
Potions
 c - 2 potions of mutation {unknown}
 i - 2 potions of lignification {unknown}
 m - a potion of haste {unknown}
 n - 2 potions of invisibility {unknown}
 p - 2 potions of flight {unknown}
 r - a potion of berserk rage {unknown}
 t - 3 potions of degeneration {unknown}
 u - a potion of agility {unknown}
 v - 4 potions of curing {unknown}
Comestibles
 d - 9 rations


   Skills:
 + Level 2.0 Fighting
 + Level 3.1 Dodging
 * Level 4.6 Unarmed Combat
 + Level 2.7 Spellcasting
 + Level 2.2 Transmutations


You had 8 spell levels left.
You knew the following spells:

 Your Spells              Type           Power        Failure   Level  Hunger
a - Beastly Appendage     Tmut           #.....       9%          1    #......

Your spell library contained the following spells:

 Spells                   Type           Power        Failure   Level  Hunger
 Sticks to Snakes         Tmut           #.......     12%         2    ##.....
 Spider Form              Tmut/Pois      #.........   36%         3    ###....
 Ice Form                 Ice/Tmut       #.......     78%         4    #####..
 Blade Hands              Tmut           #.........   92%         5    ######.


Dungeon Overview and Level Annotations

Branches:
Dungeon (3/15)

Altars:
Cheibriados
Makhleb
Uskayaw
Xom


Innate Abilities, Weirdness & Mutations

You have a beak for a mouth.
You have claws for feet.
You can fly continuously.


Message History

The orc wizard flickers and vanishes!
Deactivating autopickup; reactivate with Ctrl-A.
The orc barely misses you.
You barely miss something. You claw something.
Cheibriados appreciates the change of pace.
Reactivating autopickup.
Your Fighting skill increases to level 2!
You feel a bit more experienced. The orc hits you with a +0 club.
* * * LOW HITPOINT WARNING * * *
The orc throws a boomerang.
The boomerang completely misses you.
The weapon returns to the orc!
Okay, then.
Okay, then.
The flow of time bends around you.
You feel slightly more hungry.
The orc throws a boomerang.
The boomerang misses you.
The weapon returns to the orc!
The orc throws a boomerang.
The boomerang barely misses you.
The weapon returns to the orc!
The orc throws a boomerang.
The boomerang hits you.
You die...

#.#...##############.##
#.#.### #.# #.#.### #.#
#.#.#.## #.# ##.#..#.##
#.# ##....###.# #.###
#.###..#.## ... # .##
##..##############.##.#
.#
#..).......@..)....#.##
.##
##..###########o###....#
#.###.#)# ##o# #....#
.#..)##.##########.g##.#
#
#...###...............#
.#### #..........#....#
## #..8.....8.##.#.g.# #
#..รท.......##.....#
#..........###.##...


You could see an orc.

Vanquished Creatures
  An orc wizard (D:3)
  6 adders
  2 worms (D:3)
  A dart slug (D:1)
  2 leopard geckos
  2 orcs (D:3)
  4 bats
  4 giant cockroaches
  7 hobgoblins
  6 jackals (D:3)
  4 kobolds
  A quokka (D:3)
  3 ball pythons
  4 frilled lizards
  10 goblins
  7 rats
64 creatures vanquished.

Notes
Turn   | Place    | Note
-------+----------+-------------------------------------------
     0 | D:1      | AlterAsc the Tengu Transmuter began the quest for the Orb.
     0 | D:1      | Reached XP level 1. HP: 12/12 MP: 4/4
    96 | D:1      | Reached XP level 2. HP: 16/16 MP: 4/6
   797 | D:2      | Reached XP level 3. HP: 13/20 MP: 7/7
  1272 | D:2      | Found a burning altar of Makhleb.
  1375 | D:2      | Reached skill level 4 in Unarmed Combat
  1714 | D:3      | Reached XP level 4. HP: 24/25 MP: 6/8
  1742 | D:3      | Found a snail-covered altar of Cheibriados.
  1745 | D:3      | Found a shimmering altar of Xom.
  1748 | D:3      | Became a worshipper of Cheibriados the Contemplative
  1824 | D:3      | Found a hide-covered altar of Uskayaw.
  1983 | D:3      | Reached * piety under Cheibriados
  2062 | D:3      | Gained mutation: You can fly continuously. [Tengu growth]
  2062 | D:3      | Reached XP level 5. HP: 26/30 MP: 9/9
  2316 | D:3      | HP: 1/30 [orc/+0 club (5)]
  2319 | D:3      | Hit by a boomerang thrown by an orc

Levels and vault maps discovered:
D:1:      nicolae_arrival_somewhat_less_tricky_arrival, layout_loops_ring,
          minmay_bisected
D:2:      layout_basic, lemuel_round_altar
D:3:      layout_loops_ring, nicolae_overflow_hidden_temple,
          eat_drink_and_be_merry_uskayaw, cheibriados_altar_1, st_stairs_1,
          minmay_vboxes

Skill      XL: |  1  2  3  4  5 |
---------------+----------------+-----
Unarmed Combat | 4 |  4.6
Transmutations | 2 |  2.2
Dodging        | 3 |  3.1
Fighting       | 2 |  2.0
Spellcasting   | |  2.7

Action                   |  1- 3 |  4- 6 || total
-------------------------+-------+-------++-------
Melee: Unarmed           |    78 |    79 ||   157
       Kick              |    15 |    21 ||    36
       Peck              |     9 |    11 ||    20
       Headbutt          |     7 |    13 ||    20
       Punch             |       |     1 ||     1
 Cast: Beastly Appendage |    17 |    16 ||    33
Invok: Bend Time         |       |     1 ||     1
 Abil: Fly               |       |     1 ||     1
 Stab: Sleeping          |     1 |       ||     1
  Eat: Chunk             |     3 |     2 ||     5
Armor: Robe              |     9 |     6 ||    15
Dodge: Dodged            |    45 |    55 ||   100
